 Dungeon Crawl Stone Soup version 0.31-a0-977-gc230f8ef24 (webtiles) character file.

Game seed: 8738601283856599161

8565 Xavori the Carver (level 11, -7/86 HPs)
             Began as a Djinni Chaos Knight on Oct 29, 2023.
             Was a Plaything of Xom.
             Mangled by a molten gargoyle
             ... wielding a +0 mace
              (11 damage)
             ... on level 10 of the Dungeon on Oct 30, 2023.
             The game lasted 00:09:09 (13970 turns).

Xavori the Carver (Djinni Chaos Knight)            Turns: 13970, Time: 00:09:10

Health: -7/86      AC:  9    Str: 16    XL:     11   Next: 58%
Gold:   644        EV: 15    Int: 11    God:    Xom [..*...] SH: 12 Dex: 18

rFire   + + +        m - +10 short sword of Terra Nullius {holy, rPois Str+5}
rCold   . . .        s - +2 kite shield {rC+ rF+}
rNeg    . . .        H - +0 steam dragon scales
rPois   ∞            (helmet restricted)
rElec   .            (no cloak)
rCorr   +            p - +0 pair of gloves
SInv    .            (boots unavailable)
Will    +....        B - amulet of regeneration
Stlth   ++           q - ring of resist corrosion
HPRegen 1.14/turn    j - +4 ring of slaying
MPRegen 0.00/turn

%: infuse magic (-8 HP)
@: about to teleport, attractive, flying
A: sickness immunity, fire resistance 2, cold vulnerability 1, float, innate
caster, HP casting, extra vitality 1, horns 1, iridescent scales 1, dopey 1,
robust 1, wild magic 1, inability to drink after injury 1, MP-powered wands
a: Renounce Religion


You were on level 10 of the Dungeon.
You worshipped Xom.
You were a toy of Xom.
You visited 1 branch of the dungeon, and saw 10 of its levels.

You collected 644 gold pieces.

Inventory:

Hand Weapons
 a - a +1 falchion of chaos
 m - the +10 short sword of Terra Nullius (weapon) {holy, rPois Str+5}
   (You found it on level 2 of the Dungeon)

   Str+5:     It affects your strength (+5).
   rPois:     It protects you from poison
Missiles
 e - a throwing net
Armour
 b - a +2 leather armour
 l - a +0 helmet
 p - a +0 pair of gloves (worn)
 s - a +2 kite shield of resistance (worn)
 x - a +0 buckler
 H - +0 steam dragon scales (worn)
Jewellery
 j - a +4 ring of slaying (right hand)
 q - a ring of resist corrosion (left hand)
 B - an amulet of regeneration (around neck)
Wands
 u - a wand of mindburst (7)
 w - a wand of flame (22)
 F - a wand of paralysis (3)
Scrolls
 c - a scroll of butterflies
 d - 3 scrolls of fog
 h - 2 scrolls of amnesia {unknown}
 r - a scroll of immolation
 t - 3 scrolls of poison
 y - a scroll of enchant armour
 A - 2 scrolls of fear {unknown}
 E - 4 scrolls of teleportation
 G - 4 scrolls of blinking {unknown}
Potions
 f - a potion of degeneration {unknown}
 g - a potion of haste {unknown}
 i - 2 potions of might {unknown}
 k - a potion of attraction
 n - a potion of ambrosia {unknown}
 o - a potion of heal wounds {unknown}
 v - 3 potions of curing {unknown}
 z - a potion of brilliance {unknown}
 C - a potion of cancellation
 D - a potion of invisibility {unknown}


   Skills:
 + Level 7.2 Fighting
 + Level 8.1 Long Blades
 + Level 6.5 Armour
 + Level 7.4 Dodging
 + Level 5.1 Shields
 * Level 6.4 Spellcasting
 * Level 6.4 Conjurations
 * Level 6.4 Hexes
 * Level 6.4 Summonings
 * Level 6.4 Necromancy
 * Level 6.4 Translocations
 * Level 6.4 Transmutations
 * Level 6.4 Fire Magic
 * Level 6.4 Ice Magic
 * Level 6.4 Air Magic
 * Level 6.4 Earth Magic
 * Level 6.4 Poison Magic


You knew the following spells:

 Your Spells              Type           Power      Damage    Failure   Level
a - Sting                 Tmut/Pois      88%        1d7       6%          1
b - Jinxbite              Hex            44%        N/A       9%          2
c - Tukima's Dance        Hex            22%        N/A       16%         3
d - Confusing Touch       Hex            22%        N/A       16%         3
e - Summon Ice Beast      Ice/Summ       22%        N/A       43%         4
Your spell library was empty.

Dungeon Overview and Level Annotations

Branches:
Dungeon (10/15)            Temple (0/1) D:4            Lair (0/5) D:8
    Orc: D:9-12

Altars:
Ashenzari
Cheibriados
Dithmenos
Hepliaklqana
Okawaru
Qazlal
Yredelemnul

Shops:
D:2 :


Innate Abilities, Weirdness & Mutations

You are immune to sickness and miasma.
You are immune to poison.
Your flesh is very heat resistant. (rF++)
You are vulnerable to cold. (rC-)
You float through the air rather than walking.
You learn spells naturally, not from books.
Your magical power is your life essence.
You have superior vitality. (+4 MHP)
You have a pair of small horns on your head.
You are partially covered in iridescent scales. (AC +2)
You are dopey. (Int -2)
You are robust. (+10% HP)
Your spells are a little harder to cast, but a little more powerful.
You occasionally lose the ability to drink potions when taking damage.
You expend health (3 HP) to strengthen your wands.


Message History

The bolt of magma hits you. You partially resist.
The lava snake spits lava at you. The glob of lava misses you.
The glob of lava hits the orc warrior!
The orc warrior dies!
A komodo dragon comes into view.
Found 7 stones.
Found an escape hatch in the floor.
The komodo dragon hisses angrily.
You block the komodo dragon's attack.
The molten gargoyle blasts magma at you!
The bolt of magma hits you! You partially resist.
The molten gargoyle blasts magma at you!
The bolt of magma hits you!! You partially resist.
Things that are here:
a +0 long sword; a +1 chain mail of cold resistance; an orc corpse You puncture the komodo dragon!
The komodo dragon is moderately wounded.
The komodo dragon bites you!!
The molten gargoyle blasts magma at you!
The bolt of magma hits you! You partially resist.
* * * LOW HITPOINT WARNING * * *
Unknown command.
You puncture the komodo dragon! You headbutt the komodo dragon.
The komodo dragon is severely wounded.
The komodo dragon bites you but does no damage.
Unknown command.
As you read the scroll of teleportation, it crumbles to dust.
You feel strangely unstable. You block the komodo dragon's attack.
The molten gargoyle hits you with a +0 mace!
* * * LOW HITPOINT WARNING * * *
You are engulfed in flames.
You resist.
* * * LOW HITPOINT WARNING * * *
It was a potion of attraction.
You feel attractive to monsters. "Heh heh heh..."
The komodo dragon looks rather confused.
The lava snake looks rather confused.
The komodo dragon misses you.
The lava snake bites the molten gargoyle but does no damage.
The molten gargoyle hits you with a +0 mace!
You die...
Xom cackles wildly!

..≈≈≈≈≈§. ###
#.§§§≈≈≈≈ ...
##o≈§≈88≈≈§ ....
.#.≈§88§§≈
>....##.≈≈§§§≈§.
..(#.#.≈≈§≈§≈.
.(#.99S.....
#l#9#.#.#.#
##@#.#.# ##### #
###+## ##+###
#....# #....#
#....# #....#
#....#


You could see a komodo dragon (confused), 3 molten gargoyles and a lava snake
(confused).

Vanquished Creatures
  A two-headed ogre (D:8)
  The ghost of mattiecakes the Fighter, a novice GrFi of Okawaru (D:6)
  Jeremiah (D:7)
  A troll (D:9)
  A merfolk (D:8)
  Prince Ribbit (D:7)
  Grinder (D:4)
  A wraith (D:9)
  A slime creature (D:6)
  A vampire (D:10)
  3 yaks (D:9)
  A steam dragon (D:9)
  4 water moccasins
  3 black bears
  3 orc warriors
  A sky beast (D:6)
  An ice beast (D:7)
  2 ogres
  6 centaurs
  A phantom (D:7)
  3 kobold brigands
  3 bullfrogs
  10 wights
  24 killer bees
  A howler monkey (D:4)
  A centaur zombie (D:9)
  A hound (D:5)
  7 jellies (D:6)
  A gnoll bouda (D:5)
  6 orc priests
  2 iguanas (D:6)
  Natasha (twice) (D:4)
  2 sleepcaps
  6 orc wizards
  A howler monkey zombie (D:9)
  9 gnolls
  9 adders
  2 shadow imps (D:8)
  6 ufetubi
  3 worms
  A dart slug (D:2)
  17 orcs
  3 bats
  20 endoplasms
  3 giant cockroaches
  3 hobgoblins
  7 jackals (D:3)
  4 ball pythons
  3 frilled lizards (D:1)
  11 goblins
  21 kobolds
  4 rats
231 creatures vanquished.

Vanquished Creatures (collateral kills)
  Pikel (D:4)
  A bat (D:1)
2 creatures vanquished.

Vanquished Creatures (others)
  An orc warrior (D:10)
  An orc (D:10)
2 creatures vanquished.

Grand Total: 235 creatures vanquished

Notes
Turn   | Place    | Note
-------+----------+-------------------------------------------
     0 | D:1      | Xavori the Djinni Chaos Knight began the quest for the Orb.
     0 | D:1      | Reached XP level 1. HP: 20/20 MP: 0/0
    45 | D:1      | XOM: divination: detect items
   127 | D:1      | XOM: cast spell 'Summon Cactus Giant'
   199 | D:1      | Reached XP level 2. HP: 25/25 MP: 0/0
   261 | D:1      | Found a faded altar of an unknown god.
   404 | D:1      | Reached XP level 3. HP: 30/30 MP: 0/0
   404 | D:1      | Learned a level 1 spell: Sting
   420 | D:1      | XOM: cloud trail
  1004 | D:1      | XOM: silly message
  2548 | D:1      | XOM: cloud trail
  3263 | D:1      | XOM: give mutations
  3263 | D:1      | Gained mutation: You are robust. (+10% HP) [Xom's mischief]
  3263 | D:1      | Gained mutation: You occasionally lose the ability to drink
                  | potions when taking damage. [Xom's mischief]
  3263 | D:1      | Gained mutation: You have a pair of small horns on your
                  | head. [Xom's mischief]
  3384 | D:1      | XOM: summons 1 hostile demon
  3566 | D:2      | XOM: noise
  3876 | D:1      | XOM: god gift: scroll labelled DAC FUQILIOHE {god gift}
  3908 | D:1      | XOM is BORED!
  4310 | D:1      | XOM: give mutation
  4310 | D:1      | Gained mutation: You are dopey. (Int -2) [Xom's mischief]
  4810 | D:1      | XOM: god gift: scroll labelled RYSEAPS FEGAES {god gift}
  5487 | D:1      | XOM: noise
  6068 | D:1      | XOM: god gift: helmet {god gift}
  6088 | D:1      | XOM: god gift: long sword {god gift}
  6114 | D:1      | XOM: silly message
  6233 | D:1      | XOM: noise
  6933 | D:1      | XOM: give mutations
  6933 | D:1      | Gained mutation: You expend health (3 HP) to strengthen
                  | your wands. [Xom's grace]
  6933 | D:1      | Gained mutation: You are partially covered in iridescent
                  | scales. (AC +2) [Xom's grace]
  6933 | D:1      | Gained mutation: Your spells are a little harder to cast,
                  | but a little more powerful. [Xom's grace]
  7014 | D:2      | Identified the +10 short sword of Terra Nullius {holy,
                  | rPois Str+5}
  7035 | D:2      | Found Paxirrixyw's Book Boutique.
  7064 | D:2      | Reached skill level 3 in Long Blades
  7064 | D:2      | Reached skill level 1 in Spellcasting
  7064 | D:2      | Reached skill level 1 in Conjurations
  7064 | D:2      | Reached skill level 1 in Hexes
  7064 | D:2      | Reached skill level 1 in Summonings
  7064 | D:2      | Reached skill level 1 in Necromancy
  7064 | D:2      | Reached skill level 1 in Translocations
  7064 | D:2      | Reached skill level 1 in Transmutations
  7064 | D:2      | Reached skill level 1 in Fire Magic
  7064 | D:2      | Reached skill level 1 in Ice Magic
  7064 | D:2      | Reached skill level 1 in Air Magic
  7064 | D:2      | Reached skill level 1 in Earth Magic
  7064 | D:2      | Reached skill level 1 in Poison Magic
  7120 | D:2      | Reached XP level 4. HP: 38/38 MP: 0/0
  7136 | D:2      | XOM: enchant monster (good)
  7206 | D:2      | XOM: silly message
  7581 | D:3      | Found a hazy altar of Hepliaklqana.
  7588 | D:3      | Found an iron altar of Okawaru.
  7626 | D:3      | XOM: enchant monster (bad)
  7650 | D:3      | XOM is BORED!
  7650 | D:3      | XOM: 4-stop teleportation journey
  7690 | D:3      | Found a broken altar of Ashenzari.
  7803 | D:3      | Found a stormy altar of Qazlal.
  8442 | D:4      | Noticed Natasha
  8443 | D:4      | XOM: cleaving
  8455 | D:4      | Killed Natasha
  8456 | D:4      | Reached XP level 5. HP: 34/44 MP: 0/0
  8456 | D:4      | Learned a level 2 spell: Jinxbite
  8598 | D:4      | Noticed Pikel
  8598 | D:4      | Noticed a lemure
  8598 | D:4      | Noticed a lemure
  8598 | D:4      | XOM: 1-stop teleportation journey
  8647 | D:4      | Noticed Natasha
  8655 | D:4      | Killed Natasha
  8683 | D:4      | XOM: god gift: glowing plate armour {god gift}
  8690 | D:4      | XOM: god gift: wand of mindburst (7)
  8708 | D:4      | Noticed Natasha
  8709 | D:4      | Natasha changed into Natasha the howler monkey
  8709 | D:4      | Noticed Natasha
  8709 | D:4      | XOM: polymorph Natasha -> Natasha the howler monkey
  8717 | D:4      | Killed Natasha the howler monkey
  8718 | D:4      | Reached XP level 6. HP: 51/51 MP: 0/0
  8722 | D:4      | Found a shadowy altar of Dithmenos.
  8809 | D:4      | Found a staircase to the Ecumenical Temple.
  8852 | D:4      | XOM: blink monster(s)
  8857 | D:4      | XOM: summons 6 friendly demons
  8858 | D:4      | Killed Pikel
  8859 | D:4      | Reached skill level 4 in Long Blades
  8859 | D:4      | Reached XP level 7. HP: 10/57 MP: 0/0
  8859 | D:4      | Learned a level 3 spell: Tukima's Dance
  9032 | D:4      | Noticed Grinder
  9036 | D:4      | XOM: enchant monster (good)
  9040 | D:4      | Killed Grinder
  9041 | D:4      | Reached skill level 5 in Long Blades
  9041 | D:4      | Reached XP level 8. HP: 63/63 MP: 0/0
  9077 | D:4      | XOM: 2-stop teleportation journey
  9113 | D:4      | XOM: give mutation
  9113 | D:4      | Gained mutation: You are very dopey. (Int -4) [Xom's
                  | mischief]
  9156 | D:4      | XOM: summons 1 hostile demon
  9204 | D:4      | XOM is BORED!
  9480 | D:5      | Entered Level 5 of the Dungeon
  9736 | D:5      | XOM: confuse monster(s)
 10203 | D:5      | XOM: silly message
 10449 | D:6      | XOM: silly message
 10522 | D:6      | Reached skill level 1 in Shields
 10525 | D:6      | Reached XP level 9. HP: 70/70 MP: 0/0
 10525 | D:6      | Learned a level 3 spell: Confusing Touch
 10553 | D:6      | Reached skill level 5 in Fighting
 10717 | D:6      | XOM: 4-stop teleportation journey
 10769 | D:6      | Found a runed translucent gate.
 10769 | D:6      | Found a runed translucent gate.
 10769 | D:6      | Found a runed translucent gate.
 10771 | D:6      | Noticed mattiecakes's ghost (novice GrFi)
 10787 | D:6      | Killed mattiecakes's ghost
 10788 | D:6      | Reached skill level 6 in Long Blades
 10788 | D:6      | Reached skill level 5 in Dodging
 10960 | D:6      | XOM: summons 4 hostile demons
 10967 | D:6      | XOM: smoke on damage
 11327 | D:6      | XOM: chaos cloud
 11352 | D:6      | XOM: noise
 11471 | D:6      | Reached XP level 10. HP: 75/79 MP: 0/0
 11524 | D:6      | Identified a scroll of acquirement
 11525 | D:6      | Identified the "Seveufij" (You acquired it on level 6 of
                  | the Dungeon)
 11525 | D:6      | Acquired a +2 kite shield of resistance
 11722 | D:7      | Reached skill level 5 in Armour
 11731 | D:7      | Reached skill level 7 in Long Blades
 11879 | D:7      | Reached skill level 5 in Spellcasting
 11879 | D:7      | Reached skill level 5 in Conjurations
 11879 | D:7      | Reached skill level 5 in Hexes
 11879 | D:7      | Reached skill level 5 in Summonings
 11879 | D:7      | Reached skill level 5 in Necromancy
 11879 | D:7      | Reached skill level 5 in Translocations
 11879 | D:7      | Reached skill level 5 in Transmutations
 11879 | D:7      | Reached skill level 5 in Fire Magic
 11879 | D:7      | Reached skill level 5 in Ice Magic
 11879 | D:7      | Reached skill level 5 in Air Magic
 11879 | D:7      | Reached skill level 5 in Earth Magic
 11879 | D:7      | Reached skill level 5 in Poison Magic
 11903 | D:7      | XOM: summons 3 friendly demons
 12032 | D:7      | Noticed Jeremiah
 12049 | D:7      | XOM: blink monster(s)
 12055 | D:7      | XOM: summons 2 friendly demons
 12061 | D:7      | Killed Jeremiah
 12142 | D:7      | Noticed Prince Ribbit
 12151 | D:7      | XOM: confuse monster(s)
 12156 | D:7      | Killed Prince Ribbit
 12519 | D:8      | Noticed a two-headed ogre
 12521 | D:8      | XOM: enchant monster (good)
 12529 | D:8      | Killed a two-headed ogre
 12546 | D:8      | XOM: give mutation
 12546 | D:8      | Lost mutation: You are very dopey. (Int -4) [Xom's grace]
 12663 | D:8      | XOM: blink monster(s)
 12764 | D:8      | Found a staircase to the Lair.
 12838 | D:8      | Noticed a two-headed ogre
 12844 | D:8      | Reached XP level 11. HP: 79/85 MP: 0/0
 12844 | D:8      | Learned a level 4 spell: Summon Ice Beast
 12845 | D:8      | a two-headed ogre changed into a merfolk
 12845 | D:8      | XOM: polymorph two-headed ogre -> merfolk
 12853 | D:8      | XOM: smoke on damage
 12912 | D:8      | Identified the "Hem Xiy" (Xom gifted it to you on level 8
                  | of the Dungeon)
 12912 | D:8      | XOM: god gift: Xom's Encyclopedia of Negation
 12967 | D:8      | Found a snail-covered altar of Cheibriados.
 13221 | D:9      | XOM: blink monster(s)
 13261 | D:9      | XOM: divination: magic mapping
 13268 | D:9      | XOM: potion effect (brilliance)
 13275 | D:9      | Reached skill level 8 in Long Blades
 13384 | D:9      | Reached skill level 5 in Shields
 13692 | D:9      | Found a basalt altar of Yredelemnul.
 13871 | D:10     | Entered Level 10 of the Dungeon
 13916 | D:10     | XOM: silly message
 13960 | D:10     | XOM: 1-stop teleportation journey
 13963 | D:10     | XOM: cast spell 'Cause Fear'
 13969 | D:10     | HP: 3/86 [molten gargoyle/+0 mace (2)]
 13970 | D:10     | XOM: confuse monster(s)
 13970 | D:10     | Mangled by a molten gargoyle

Illustrated notes

Levels and vault maps discovered:
D:1:      nagdon_arrival_double_spiral, layout_loops_ring,
          hellmonk_ecumenical_altar_heavens_door, grunt_decor_arrowhead
D:2:      minmay_wonky_spiral, layout_basic, serial_shops,
          nicolae_shop_behind_doors
D:3:      layout_loops_corners, amcnicky_altar_gilded,
          mainiacjoe_overflow_cross_hatched, mainiacjoe_overflow_large_starburst
D:4:      layout_basic, mainiacjoe_overflow_alcove_4,
          minmay_temple_entry_from_below_a, uniq_natasha, uniq_pikel,
          uniq_grinder
D:5:      layout_loops_ring, general_overflow_altar, serial_bayou_crossing
D:6:      lemuel_slime, layout_basic, ebering_ghost_rock_garden,
          water_maze_lemuel
D:7:      layout_loops_corners, uniq_jeremiah, uniq_prince_ribbit1
D:8:      layout_basic, kennysheep_mini, nicolae_sif_muna_condensation,
          lair_entry_dummy
D:9:      layout_irregular_city, lemuel_zombie_altar_yredelemnul,
          nicolae_letterblocks [nicolae_letter_subblock,
          nicolae_letter_subblock, nicolae_letter_subblock,
          nicolae_letter_subblock, nicolae_letter_subblock,
          nicolae_letter_subblock, nicolae_letter_subblock,
          nicolae_letter_subblock, nicolae_letter_subblock,
          nicolae_letter_subblock, nicolae_letter_subblock,
          nicolae_letter_subblock, nicolae_letter_subblock,
          nicolae_letter_subblock, nicolae_letter_subblock,
          nicolae_letter_subblock, nicolae_letter_subblock,
          nicolae_letter_subblock, nicolae_letter_subblock,
          nicolae_letter_subblock, nicolae_letter_subblock,
          nicolae_letter_subblock, nicolae_letter_subblock,
          nicolae_letter_subblock, nicolae_letter_subblock]
D:10:     layout_roguey, tso_oasis_becter, minivault_8

Skill      XL: |  1  2  3  4  5  6  7  8  9 10 11 |
---------------+----------------------------------+-----
Long Blades    | 3 4 5 6 7 8 |  8.1
Spellcasting   | 1 2 3 4 5 6 |  6.4
Conjurations   | 1 2 3 4 5 6 |  6.4
Hexes          | 1 2 3 4 5 6 |  6.4
Summonings     | 1 2 3 4 5 6 |  6.4
Necromancy     | 1 2 3 4 5 6 |  6.4
Translocations | 1 2 3 4 5 6 |  6.4
Transmutations | 1 2 3 4 5 6 |  6.4
Fire Magic     | 1 2 3 4 5 6 |  6.4
Ice Magic      | 1 2 3 4 5 6 |  6.4
Air Magic      | 1 2 3 4 5 6 |  6.4
Earth Magic    | 1 2 3 4 5 6 |  6.4
Poison Magic   | 1 2 3 4 5 6 |  6.4
Armour         | 2 3 4 5 6 |  6.5
Dodging        | 3 4 5 6 7 |  7.4
Fighting       | 4 5 6 7 |  7.2
Shields        | 1 2 4 5 |  5.1

Action                     |  1- 3 |  4- 6 |  7- 9 | 10-12 || total
---------------------------+-------+-------+-------+-------++-------
  Melee: Falchion          |    54 |       |       |       ||    54
         Short sword       |     3 |    90 |   160 |   336 ||   589
         Headbutt          |       |    13 |    27 |    71 ||   111
   Cast: Confusing Touch   |       |       |       |     1 ||     1
  Evoke: Wand              |       |       |       |     1 ||     1
    Use: Scroll            |     2 |       |     1 |     6 ||     9
         Potion            |       |       |       |     2 ||     2
   Stab: Petrifying        |       |     1 |       |       ||     1
         Paralysed         |       |       |     1 |       ||     1
         Petrified         |       |       |       |     3 ||     3
         Confused          |       |       |       |     2 ||     2
         Sleeping          |       |       |       |     2 ||     2
         Distracted        |       |       |       |     1 ||     1
         Fleeing           |       |       |       |     1 ||     1
 Armour: Leather armour    |    27 |    73 |    69 |   160 ||   329
         Steam dragon scal |       |       |       |    15 ||    15
  Dodge: Dodged            |    42 |    54 |    76 |   149 ||   321
  Block: Buckler           |       |       |    29 |     1 ||    30
         Kite shield       |       |       |       |   218 ||   218

Table legend: (Time is in decaauts)
 A = Elapsed time spent in this place.
 B = Non-inter-level travel time spent in this place.
 C = Inter-level travel time spent in this place.
 D = Time resting spent in this place.
 E = Time spent auto-exploring this place.
 F = Levels seen in this place.
 G = Mean time per level.
                   A        B        C        D        E       F      G
               +--------+--------+--------+--------+--------+-----+--------+
         Total |  13926 |  13598 |    328 |   6387 |   5852 |  10 | 1392.6 |
       Dungeon |  13926 |  13598 |    328 |   6387 |   5852 |  10 | 1392.6 |
               +--------+--------+--------+--------+--------+-----+--------+

Top non-repeatable levels by time:
     D:1: 6659 daAuts
     D:6: 1096 daAuts
     D:4: 1041 daAuts
     D:7: 955 daAuts
     D:5: 946 daAuts
     D:3: 932 daAuts
     D:2: 850 daAuts
     D:9: 814 daAuts
     D:8: 530 daAuts
    D:10: 97 daAuts
